ORI
UNIVERSITY OF MAINE BLACK BEARS @ OREGON STATE UNIVERSITY BEAVERS
11/25/2047
 
TOP OF THE 1ST
University of Florida Gators batting - Pitching for California State University at Fullerton Titans : RHP Mario Viera
Pitching: RHP Mario Viera
Batting: RHB Marco Morales 0-0: Swinging Strike
0-1: Foul Ball, location: 2F
0-2: Ball
1-2: Foul Ball, location: 2F
1-2: Ground out 2-3 (Groundball, 15S, EV 73.8 MPH)
Batting: LHB Terry Bayer 0-0: Ball
1-0: Ball
2-0: Foul Ball, location: 2F
2-1: Foul Ball, location: 2F
2-2: Hit by Pitch
Batting: RHB Robert Mason 0-0: Ball
Terry Bayer steals 2nd base
1-0: Called Strike
1-1: Foul Ball, location: 2F
1-2: Foul Ball, location: 2F
1-2: Hit by Pitch
Batting: RHB Gong-sun Law 0-0: Ball
1-0: Ball
2-0: Ball
3-0: Base on Balls
Terry Bayer to third
Robert Mason to second
Batting: RHB Elliott Pye 0-0: Ball
1-0: Grounds into double play, 4-6-3 (Groundball, 4, EV 101.9 MPH)
Top of the 1st over - 0 runs, 0 hits, 0 errors, 2 left on base; University of Florida 0 - California State University at Fullerton 0
BOTTOM OF THE 1ST
California State University at Fullerton Titans batting - Pitching for University of Florida Gators : LHP Michel Loiseau
Pitching: LHP Michel Loiseau
Batting: LHB Steve Lane 0-0: Foul Ball, location: 2F
0-1: Fly out, F6 (Popup, 6MS, EV 75.0 MPH)
Batting: RHB Hassan Thomas 0-0: Ground out 4-3 (Groundball, 4, EV 101.9 MPH)
Batting: RHB Simon Sultzbach 0-0: Swinging Strike
0-1: Ball
1-1: SINGLE (Line Drive, 7LS, EV 100.0 MPH)
Batting: RHB Justin Thomas 0-0: Foul Ball, location: 2F
0-1: Foul Ball, location: 2F
0-2: Ground out 4-3 (Groundball, 34, EV 90.0 MPH)
Bottom of the 1st over - 0 runs, 1 hit, 0 errors, 1 left on base; University of Florida 0 - California State University at Fullerton 0
TOP OF THE 2ND
University of Florida Gators batting - Pitching for California State University at Fullerton Titans : RHP Mario Viera
Batting: SHB Pat Justice 0-0: Ball
1-0: Ball
2-0: Foul Ball, location: 2F
2-1: Ball
3-1: Ground out 1-3 (Groundball, 23, EV 73.1 MPH)
Batting: RHB Juan Lopez 0-0: Ball
1-0: Ground out 6-3 (Groundball, 6, EV 80.0 MPH)
Batting: RHB Keith Kamerling 0-0: Ball
1-0: Ball
2-0: Ground out 5-3 (Groundball, 56, EV 106.2 MPH)
Top of the 2nd over - 0 runs, 0 hits, 0 errors, 0 left on base; University of Florida 0 - California State University at Fullerton 0
BOTTOM OF THE 2ND
California State University at Fullerton Titans batting - Pitching for University of Florida Gators : LHP Michel Loiseau
Batting: RHB Joe McKinzie 0-0: Foul Ball, location: 2F
0-1: Ball
1-1: Foul Ball, location: 2F
1-2: Ball
2-2: Foul Ball, location: 2F
2-2: Foul Ball, location: 2F
2-2: Fly out, F8 (Flyball, 8RXD, EV 101.2 MPH)
Batting: LHB John Blumberg 0-0: Ball
1-0: Foul Ball, location: 2F
1-1: Swinging Strike
1-2: Foul Ball, location: 2F
1-2: Ball
2-2: Ball
3-2: Foul Ball, location: 2F
3-2: Base on Balls
Batting: RHB Alex Freyre 0-0: Ball
1-0: Ground out 5-3 (Groundball, 5S, EV 68.1 MPH)
John Blumberg to second
Batting: RHB Jeremy Evans 0-0: Called Strike
0-1: Foul Ball, location: 2F
0-2: Reached on error, E4 (Groundball, 4, EV 78.8 MPH)
John Blumberg to third
Batting: RHB Sergio Cervantes 0-0: Called Strike
0-1: Ball
1-1: Ball
2-1: Fly out, F8 (Flyball, 8RS, EV 89.4 MPH)
Bottom of the 2nd over - 0 runs, 0 hits, 1 error, 2 left on base; University of Florida 0 - California State University at Fullerton 0
TOP OF THE 3RD
University of Florida Gators batting - Pitching for California State University at Fullerton Titans : RHP Mario Viera
Batting: LHB Jose Garcia 0-0: Ball
1-0: Foul Ball, location: 2F
1-1: Foul Ball, location: 2F
1-2: Ball
2-2: Strikes out swinging
Batting: RHB Marco Morales 0-0: Called Strike
0-1: Ball
1-1: Foul Ball, location: 2F
1-2: Ball
2-2: Ball
3-2: Foul Ball, location: 2F
3-2: Foul Ball, location: 2F
3-2: Foul Ball, location: 2F
3-2: Base on Balls
Batting: LHB Terry Bayer 0-0: Ball
1-0: Ball
Marco Morales steals 2nd base
2-0: Ball
3-0: Called Strike
3-1: Foul Ball, location: 2F
3-2: Foul Ball, location: 2F
3-2: Ground out 6-3 (Groundball, 6, EV 83.1 MPH)
Marco Morales to third
Batting: RHB Robert Mason 0-0: Ground out 5-3 (Groundball, 5, EV 83.8 MPH)
Top of the 3rd over - 0 runs, 0 hits, 0 errors, 1 left on base; University of Florida 0 - California State University at Fullerton 0
BOTTOM OF THE 3RD
California State University at Fullerton Titans batting - Pitching for University of Florida Gators : LHP Michel Loiseau
Batting: LHB Steve Lane 0-0: Fly out, F7 (Line Drive, 7S, EV 90.0 MPH)
Batting: RHB Hassan Thomas 0-0: Called Strike
0-1: Fly out, F8 (Flyball, 8LS, EV 88.8 MPH)
Batting: RHB Simon Sultzbach 0-0: Foul Ball, location: 2F
0-1: Ball
1-1: Ground out 5-3 (Groundball, 56, EV 87.5 MPH)
Bottom of the 3rd over - 0 runs, 0 hits, 0 errors, 0 left on base; University of Florida 0 - California State University at Fullerton 0
TOP OF THE 4TH
University of Florida Gators batting - Pitching for California State University at Fullerton Titans : RHP Mario Viera
Batting: RHB Gong-sun Law 0-0: Ball
1-0: Ball
2-0: Called Strike
2-1: Ball
3-1: Base on Balls
Batting: RHB Elliott Pye 0-0: Fly out, F7 (Line Drive, 78M, EV 92.5 MPH)
Batting: SHB Pat Justice 0-0: Ball
Gong-sun Law is caught stealing 2nd base 2-6
1-0: Called Strike
1-1: Ball
2-1: Ball
3-1: Called Strike
3-2: Strikes out looking
Top of the 4th over - 0 runs, 0 hits, 0 errors, 0 left on base; University of Florida 0 - California State University at Fullerton 0
BOTTOM OF THE 4TH
California State University at Fullerton Titans batting - Pitching for University of Florida Gators : LHP Michel Loiseau
Batting: RHB Justin Thomas 0-0: Ball
1-0: Called Strike
1-1: Ground out 1-3 (Groundball, P, EV 71.2 MPH)
Batting: RHB Joe McKinzie 0-0: Ball
1-0: Ball
2-0: Ball
3-0: Called Strike
3-1: Fly out, F9 (Flyball, 89S, EV 78.1 MPH)
Batting: LHB John Blumberg 0-0: Called Strike
0-1: Foul Ball, location: 2F
0-2: Ball
1-2: Ball
2-2: Foul Ball, location: 2F
2-2: Strikes out swinging
Bottom of the 4th over - 0 runs, 0 hits, 0 errors, 0 left on base; University of Florida 0 - California State University at Fullerton 0
TOP OF THE 5TH
University of Florida Gators batting - Pitching for California State University at Fullerton Titans : RHP Mario Viera
Batting: RHB Juan Lopez 0-0: Ball
1-0: Foul Ball, location: 2F
1-1: DOUBLE (Line Drive, 9LD, EV 108.1 MPH)
Batting: RHB Keith Kamerling 0-0: Ball
1-0: Foul Ball, location: 2F
1-1: Ball
2-1: SINGLE (Line Drive, 89M, EV 111.2 MPH)
Juan Lopez to third
Pitching: LHP Hugo Alba
Batting: LHB Jose Garcia 0-0: Called Strike
0-1: Swinging Strike
0-2: Ball
1-2: Strikes out swinging
Batting: RHB Marco Morales 0-0: Ball
1-0: Ball
2-0: Foul Ball, location: 2F
2-1: Foul Ball, location: 2F
2-2: Strikes out swinging
Batting: LHB Terry Bayer 0-0: Swinging Strike
0-1: Fly out, F9 (Flyball, 9, EV 93.1 MPH)
Top of the 5th over - 0 runs, 2 hits, 0 errors, 2 left on base; University of Florida 0 - California State University at Fullerton 0
BOTTOM OF THE 5TH
California State University at Fullerton Titans batting - Pitching for University of Florida Gators : LHP Michel Loiseau
Batting: RHB Alex Freyre 0-0: Called Strike
0-1: Foul Ball, location: 2F
0-2: Foul Ball, location: 2F
0-2: Ball
1-2: Ground out 6-3 (Groundball, 6, EV 106.9 MPH)
Batting: RHB Jeremy Evans 0-0: Ball
1-0: Ball
2-0: Called Strike
2-1: Ball
3-1: Base on Balls
Batting: RHB Sergio Cervantes 0-0: Ball
1-0: Ball
2-0: Ball
3-0: Called Strike
3-1: Fly out, F9 (Flyball, 9, EV 81.2 MPH)
Batting: LHB Steve Lane 0-0: Ball
1-0: Swinging Strike
1-1: Foul Ball, location: 2F
1-2: Foul Ball, location: 2F
1-2: Ball
2-2: Foul Ball, location: 2F
2-2: Strikes out swinging
Bottom of the 5th over - 0 runs, 0 hits, 0 errors, 1 left on base; University of Florida 0 - California State University at Fullerton 0
TOP OF THE 6TH
University of Florida Gators batting - Pitching for California State University at Fullerton Titans : LHP Hugo Alba
Batting: RHB Robert Mason 0-0: Called Strike
0-1: Foul Ball, location: 2F
0-2: Foul Ball, location: 2F
0-2: Foul Ball, location: 2F
0-2: Ball
1-2: Strikes out swinging
Batting: RHB Gong-sun Law 0-0: Foul Ball, location: 2F
0-1: Ground out 5-3 (Groundball, 5L, EV 94.4 MPH)
Batting: RHB Elliott Pye 0-0: Called Strike
0-1: Ball
1-1: Foul Ball, location: 2F
1-2: Ball
2-2: Hit by Pitch
Batting: SHB Pat Justice 0-0: Called Strike
0-1: Ball
1-1: Called Strike
1-2: Ground out U3 (Groundball, 3, EV 104.4 MPH)
Top of the 6th over - 0 runs, 0 hits, 0 errors, 1 left on base; University of Florida 0 - California State University at Fullerton 0
BOTTOM OF THE 6TH
California State University at Fullerton Titans batting - Pitching for University of Florida Gators : LHP Michel Loiseau
Pitching: RHP Elliot Gallagher
Batting: RHB Hassan Thomas 0-0: Ball
1-0: Ball
2-0: Foul Ball, location: 2F
2-1: Fly out, F8 (Flyball, 8LM, EV 91.2 MPH)
Batting: RHB Simon Sultzbach 0-0: Called Strike
0-1: Swinging Strike
0-2: Ball
1-2: Strikes out swinging
Batting: RHB Justin Thomas 0-0: Ball
1-0: Ball
2-0: Ball
3-0: Base on Balls
Batting: RHB Joe McKinzie 0-0: Ball
1-0: Ball
2-0: Ball
3-0: Base on Balls
Justin Thomas to second
Pitching: LHP Alexander Collins
Batting: LHB John Blumberg 0-0: Foul Ball, location: 2F
0-1: Ground out U3 (Groundball, 34S, EV 81.9 MPH)
Bottom of the 6th over - 0 runs, 0 hits, 0 errors, 2 left on base; University of Florida 0 - California State University at Fullerton 0
TOP OF THE 7TH
University of Florida Gators batting - Pitching for California State University at Fullerton Titans : LHP Hugo Alba
Batting: RHB Juan Lopez 0-0: Called Strike
0-1: Ball
1-1: Ball
2-1: Ball
3-1: Base on Balls
Batting: RHB Keith Kamerling 0-0: Bunt missed!
0-1: Ball
1-1: Bunt missed!
1-2: Ball
2-2: Ball
3-2: DOUBLE (Flyball, 89D, EV 101.9 MPH)
Juan Lopez to third
Runner from 3rd tries for Home, SAFE, no throw by CF
Batting: LHB Jose Garcia 0-0: Ball
1-0: Called Strike
1-1: Ball
2-1: Ball
3-1: Called Strike
3-2: Base on Balls
Batting: RHB Marco Morales 0-0: Ball
1-0: Sac Bunt to 2L - play at first, batter OUT! 2-4
Keith Kamerling to third
Jose Garcia to second
Batting: LHB Terry Bayer 0-0: Ball
1-0: Ground out 5-3 (Groundball, 5, EV 88.1 MPH)
Batting: RHB Robert Mason 0-0: Ball
1-0: Fly out, F8 (Line Drive, 89M, EV 91.9 MPH)
Top of the 7th over - 1 run, 1 hit, 0 errors, 2 left on base; University of Florida 1 - California State University at Fullerton 0
BOTTOM OF THE 7TH
California State University at Fullerton Titans batting - Pitching for University of Florida Gators : LHP Alexander Collins
Batting: RHB Alex Freyre 0-0: Called Strike
0-1: Foul Ball, location: 2F
0-2: Ball
1-2: Ball
2-2: Ball
3-2: Ground out 6-3 (Groundball, 56, EV 79.4 MPH)
Batting: RHB Jeremy Evans 0-0: Called Strike
0-1: Ball
1-1: Ball
2-1: Ground out 5-3 (Groundball, 56, EV 102.5 MPH)
Batting: RHB Sergio Cervantes 0-0: Called Strike
0-1: Swinging Strike
0-2: SOLO HOME RUN (Flyball, 7D, EV 100.6 MPH), Distance : 380 ft
Batting: LHB Steve Lane 0-0: Called Strike
0-1: Called Strike
0-2: Ball
1-2: Ball
2-2: Ball
3-2: Fly out, F2 (Popup, 25F, EV 81.2 MPH)
Bottom of the 7th over - 1 run, 1 hit, 0 errors, 0 left on base; University of Florida 1 - California State University at Fullerton 1
TOP OF THE 8TH
University of Florida Gators batting - Pitching for California State University at Fullerton Titans : LHP Hugo Alba
Pitching: RHP Jaime Zapata
Batting: RHB Gong-sun Law 0-0: Ball
1-0: Swinging Strike
1-1: Ball
2-1: Ball
3-1: Foul Ball, location: 2F
3-2: Foul Ball, location: 2F
3-2: Base on Balls
Batting: LHB Dave Newsome 0-0: Fly out, F7 (Flyball, 78D, EV 88.1 MPH)
Batting: SHB Pat Justice 0-0: Sac Bunt to 5S - play at first, batter OUT! 5-3
Gong-sun Law to second
Batting: RHB Juan Lopez 0-0: Ball
1-0: Ball
2-0: Ball
3-0: Base on Balls
Batting: RHB Keith Kamerling 0-0: Fly out, F9 (Flyball, 9D, EV 103.8 MPH)
Top of the 8th over - 0 runs, 0 hits, 0 errors, 2 left on base; University of Florida 1 - California State University at Fullerton 1
BOTTOM OF THE 8TH
California State University at Fullerton Titans batting - Pitching for University of Florida Gators : LHP Alexander Collins
Pitching: RHP Jeff Nadeau
Pinch Hitting: LHB B.J. Ferguson 0-0: Ball
1-0: Swinging Strike
1-1: Swinging Strike
1-2: Strikes out swinging
Batting: RHB Simon Sultzbach 0-0: Foul Ball, location: 2F
0-1: Called Strike
0-2: Ball
1-2: Foul Ball, location: 2F
1-2: Ground out 6-3 (Groundball, 6, EV 87.5 MPH)
Batting: RHB Justin Thomas 0-0: Ball
1-0: Called Strike
1-1: Foul Ball, location: 2F
1-2: Strikes out swinging
Bottom of the 8th over - 0 runs, 0 hits, 0 errors, 0 left on base; University of Florida 1 - California State University at Fullerton 1
TOP OF THE 9TH
University of Florida Gators batting - Pitching for California State University at Fullerton Titans : RHP Jaime Zapata
Pitching: LHP David Garcia
Now at 3B: Mike Lauritsen
Batting: LHB Jose Garcia 0-0: Swinging Strike
0-1: Called Strike
0-2: Ball
1-2: Strikes out swinging
Batting: RHB Marco Morales 0-0: SINGLE (Line Drive, 9S, EV 106.9 MPH)
Batting: LHB Terry Bayer 0-0: Foul Ball, location: 2F
0-1: Single, Error in OF, E8, batter to second base (Line Drive, 8LS, EV 96.9 MPH)
Marco Morales to third
Pinch Hitting: RHB Manny Harrison 0-0: Intentional Walk
Batting: RHB Gong-sun Law 0-0: Fly out, F5 (Popup, 5SF, EV 65.0 MPH)
Batting: LHB Dave Newsome 0-0: Foul Ball, location: 2F
0-1: Foul Ball, location: 2F
0-2: Strikes out swinging
Top of the 9th over - 0 runs, 2 hits, 1 error, 3 left on base; University of Florida 1 - California State University at Fullerton 1
BOTTOM OF THE 9TH
California State University at Fullerton Titans batting - Pitching for University of Florida Gators : RHP Jeff Nadeau
Now at C: Danny Cisneros
Batting: RHB Joe McKinzie 0-0: Ball
1-0: Called Strike
1-1: Called Strike
1-2: Ground out 6-3 (Groundball, 6, EV 86.2 MPH)
Batting: LHB John Blumberg 0-0: Ball
1-0: Ball
2-0: Called Strike
2-1: Foul Ball, location: 2F
2-2: Ball
3-2: Ground out U3 (Groundball, 3L, EV 81.9 MPH)
Batting: RHB Alex Freyre 0-0: Ball
1-0: Fly out, F9 (Flyball, 89M, EV 88.8 MPH)
Bottom of the 9th over - 0 runs, 0 hits, 0 errors, 0 left on base; University of Florida 1 - California State University at Fullerton 1
TOP OF THE 10TH
University of Florida Gators batting - Pitching for California State University at Fullerton Titans : LHP David Garcia
Pitching: RHP John Case
Batting: SHB Pat Justice 0-0: Ball
1-0: Called Strike
1-1: Reached on error, E6 (Groundball, 6, EV 104.4 MPH)
Batting: RHB Juan Lopez 0-0: Intentional Walk
Batting: RHB Keith Kamerling 0-0: Ball
1-0: Bunt missed!
1-1: Bunt missed!
1-2: Strikes out swinging
Batting: LHB Jose Garcia 0-0: DOUBLE (Groundball, 3L, EV 105.0 MPH)
Pat Justice scores
Juan Lopez to third
Batting: RHB Marco Morales 0-0: Intentional Walk
Batting: LHB Terry Bayer 0-0: Grounds into fielders choice 5-2 (Groundball, 56, EV 87.5 MPH)
Jose Garcia to third
Marco Morales to second
Batting: RHB Danny Cisneros 0-0: Ball
1-0: Ball
2-0: Fielders Choice at 2nd, 5-4 (Groundball, 56, EV 104.4 MPH)
Top of the 10th over - 1 run, 1 hit, 1 error, 3 left on base; University of Florida 2 - California State University at Fullerton 1
BOTTOM OF THE 10TH
California State University at Fullerton Titans batting - Pitching for University of Florida Gators : RHP Jeff Nadeau
Pinch Hitting: SHB John Loechel 0-0: Called Strike
0-1: Fly out, F9 (Flyball, 89M, EV 82.5 MPH)
Batting: RHB Sergio Cervantes 0-0: Ball
1-0: Called Strike
1-1: Called Strike
1-2: Foul Ball, location: 2F
1-2: Foul Ball, location: 2F
1-2: Ground out 6-3 (Groundball, 56, EV 82.5 MPH)
Batting: LHB Steve Lane 0-0: Ball
1-0: Swinging Strike
1-1: Called Strike
1-2: Strikes out swinging
Bottom of the 10th over - 0 runs, 0 hits, 0 errors, 0 left on base; University of Florida 2 - California State University at Fullerton 1
Thursday, December 15th , 2022 - OOTP Baseball 23.9 Build 102